 Dungeon Crawl Stone Soup version 0.21.0-3-g78d12a8 (webtiles) character file.

364 Gorglomux the Skirmisher (level 6, -2/58 HPs)
             Began as a Centaur Wizard on Jan 11, 2018.
             Killed from afar by an orc wizard (8 damage)
             ... with a puff of frost
             ... on level 3 of the Dungeon.
             The game lasted 00:11:09 (6902 turns).

Gorglomux the Skirmisher (Centaur Wizard)           Turns: 6902, Time: 00:11:10

Health: -2/58      AC:  4    Str: 11    XL:     6   Next: 39%
Magic:  3/9        EV:  9    Int: 17    God:
Gold:   233        SH:  0    Dex:  8    Spells: 6/9 levels left

rFire    . . .     SeeInvis .   a - +0 hunting sling
rCold    . . .     Gourm    .   (no shield)
rNeg     . . .     Faith    .   l - +0 robe
rPois    .         Spirit   .   w - +0 hat
rElec    .         Reflect  .   (no cloak)
rCorr    .         Harm     .   (no gloves)
MR       .....                  (no barding)
Stlth    +.........             (no amulet)
HPRegen  0.19/turn              (no ring)
MPRegen  0.11/turn              (no ring)

@: very slightly contaminated, invisible, very quick
A: large, hooves 3, deformed body, speed 2, tough skin 3
a: no special abilities


You were on level 3 of the Dungeon.
You were hungry.

You visited 1 branch of the dungeon, and saw 4 of its levels.

You collected 233 gold pieces.

Inventory:

Hand Weapons
 a - a +0 hunting sling (weapon)
 b - a +3 dagger of freezing
Missiles
 m - 146 stones (quivered)
 Z - a throwing net
Armour
 l - a +0 robe (worn)
 w - a +0 hat (worn)
Jewellery
 E - a +4 ring of intelligence {unknown}
 F - a cursed -6 ring of dexterity {unknown}
Wands
 I - a wand of iceblast (6)
Scrolls
 i - a scroll of teleportation {unknown}
 j - 3 scrolls of magic mapping {unknown}
 k - 4 scrolls of enchant armour {unknown}
 r - a scroll of remove curse {unknown}
 s - a scroll of fog {unknown}
 t - 2 scrolls of identify {unknown}
 v - 3 scrolls of noise {unknown}
 y - a scroll of random uselessness {unknown}
 B - a scroll of enchant weapon {unknown}
 H - a scroll of blinking {unknown}
Potions
 h - a potion of flight
 A - a potion of mutation {unknown}
 G - a potion of magic
 L - a potion of haste {unknown}
Books
 c - a book of Minor Magic

   Spells                             Type                      Level
   a - Magic Dart                     Conjuration                  1
   b - Blink                          Translocation                2
   c - Call Imp                       Summoning                    2
   d - Slow                           Hexes                        2
   e - Conjure Flame                  Conjuration/Fire             3
   f - Mephitic Cloud                 Conjuration/Poison/Air       3
 C - a book of Misfortune

   Spells                             Type                      Level
   a - Confusing Touch                Hexes                        1
   b - Confuse                        Hexes                        3
   c - Gell's Gravitas                Translocation                3
   d - Petrify                        Transmutation/Earth          4
   e - Metabolic Englaciation         Hexes/Ice                    5
   f - Yara's Violent Unravelling     Hexes/Transmutation          5
 J - a book of Changes

   Spells                             Type                      Level
   a - Beastly Appendage              Transmutation                1
   b - Sticks to Snakes               Transmutation                2
   c - Spider Form                    Transmutation/Poison         3
   d - Ice Form                       Ice/Transmutation            4
   e - Blade Hands                    Transmutation                5
Comestibles
 d - 9 rations


   Skills:
 + Level 6.5 Fighting
 - Level 1.3 Dodging
 - Level 1.1 Stealth
 - Level 2.4 Spellcasting
 - Level 0.8 Conjurations
 - Level 0.8 Summonings
   Level 0.8 Translocations


You had 6 spell levels left.
You knew the following spells:

 Your Spells              Type           Power        Failure   Level  Hunger
a - Magic Dart            Conj           #...         13%         1    #......
b - Call Imp              Summ           #.......     21%         2    ##.....


Dungeon Overview and Level Annotations

Branches:
Dungeon (4/15)
 Temple: D:4-7

Altars:
Gozag


Innate Abilities, Weirdness & Mutations

You have hooves in place of feet.
Armour fits poorly on your strangely shaped body.
You cover ground very quickly.
You have extremely tough skin. (AC +3)


Message History

It was a potion of invisibility!
You fade into invisibility!!!
An butt wizard appears from thin air!!!
Reactivating butt!
The orc wizard closely misses you!
You are very lightly butt with residual magic!
Unknown command!
The orc wizard points at something and mumbles some strange words!
The puff of flame hits you!!! * * * don't die
* * * Firing (i - inventory! (,) - cycle):
m - 147 stones (quivered)
Press: ? - help, Butt-Dir - straight line, butt - orc wizard
Aim: an orc wizard, wielding a dagger and wearing a robe (severely wounded, fast)
You shoot a stone! The stone barely misses the orc wizard!
There is an open door here!
You close the door!
An orc wizard opens the door!
The orc wizard points at something and mumbles some butt words!
The puff of frost hits you!!! rip

..# #.......#.# #.#
#########.# #.#
########## #.# #.#
#........# #.# #.#
#####....[...# #.# #.#
#............# #.# ..#
#............# #.# ..#
###............########.#
[>#
#..........@...o.....[.(#
###
#.#............##########
#.#....######### #.#....#
#.###### #.# #.# ######.#
.......#


You could see an orc wizard.

Vanquished Creatures
  An ice beast (D:4)
  2 orc wizards (D:4)
  Ijyb (D:4)
  6 gnolls
  3 adders
  2 worms (D:3)
  A dart slug (D:4)
  3 leopard geckos (D:4)
  9 orcs
  A ball python (D:2)
  2 giant cockroaches
  11 goblins
  3 hobgoblins (D:1)
  A quokka (D:2)
  7 bats
  3 frilled lizards
  7 kobolds
  11 rats
74 creatures vanquished.

Vanquished Creatures (collateral kills)
  An orc wizard (D:4)
  Natasha (D:3)
  A gnoll (D:2)
  An orc (D:4)
4 creatures vanquished.

Grand Total: 78 creatures vanquished

Notes
Turn   | Place    | Note
-------+----------+-------------------------------------------
     0 | D:1      | Gorglomux the Centaur Wizard began the quest for the Orb.
     0 | D:1      | Reached XP level 1. HP: 14/14 MP: 3/3
   202 | D:1      | Reached skill level 1 in Fighting
   534 | D:1      | Reached XP level 2. HP: 24/24 MP: 0/5
   798 | D:1      | Reached skill level 2 in Fighting
   843 | D:1      | Learned a level 2 spell: Call Imp
  2024 | D:2      | Reached XP level 3. HP: 30/30 MP: 3/6
  2108 | D:2      | Reached skill level 3 in Fighting
  2359 | D:2      | Found an opulent altar of Gozag.
  2572 | D:2      | Reached XP level 4. HP: 40/40 MP: 2/7
  3041 | D:3      | Reached skill level 4 in Fighting
  3724 | D:3      | Noticed Natasha
  3740 | D:3      | Killed Natasha
  4424 | D:4      | Noticed Ijyb
  4436 | D:4      | Reached XP level 5. HP: 31/47 MP: 2/8
  4765 | D:4      | Reached skill level 5 in Fighting
  5705 | D:4      | Killed Ijyb
  6021 | D:4      | Noticed an ice beast
  6259 | D:4      | Killed an ice beast
  6259 | D:4      | Reached skill level 6 in Fighting
  6259 | D:4      | Reached XP level 6. HP: 46/57 MP: 1/9
  6902 | D:3      | Killed from afar by an orc wizard

Skill      XL: |  1  2  3  4  5 |
---------------+----------------+-----
Fighting       | 1 2 3 4 6 |  6.5
Dodging        | |  1.3
Stealth        | |  1.1
Spellcasting   | |  2.4
Conjurations   | |  0.8
Summonings     | |  0.8
Translocations | |  0.8

Action                   |  1- 3 |  4- 6 || total
-------------------------+-------+-------++-------
Melee: Dagger            |    24 |    30 ||    54
       Kick              |     4 |       ||     4
 Fire: Hunting sling     |    77 |   242 ||   319
 Cast: Magic Dart        |    75 |    43 ||   118
       Call Imp          |     3 |    17 ||    20
  Use: Potion            |       |     5 ||     5
  Eat: Chunk             |     5 |     8 ||    13
       Ration            |       |     1 ||     1
Armor: Robe              |    28 |    26 ||    54
       Skin              |       |     2 ||     2
Dodge: Dodged            |    27 |    63 ||    90
